AoeStats
← LODOKO

Highland

506477404Analyzed
2v2 RM · 20d ago on Sep 13, 2026· 59m 13s· 4 players
Game mode
Random Map
Map size
Medium (4 player)
Population
200
Speed
Normal
Resources
Standard
Victory
Conquest
Starting age
Dark Age
Ending age
Imperial Age
RankedLock teamsTeams togetherTeam positionsShared explorationLock speedFull tech treeHidden civsTurbo modeCheats
Victory
Defeat
🇮🇹 Franks · Italy
785
+16
🇮🇹 Khmer · Italy
780
+16
🇩🇪 Mongols · Germany
791
-16
🇩🇪 Dravidians · Germany
788
-16
Giank
2:05 Loom
13:56 Feudal Age
15:23 Horse Collar
15:57 Double-Bit Axe
19:30 Castle Age
21:38 Bow Saw
21:36 Heavy Plow
25:15 Gold Mining
26:08 Crossbowman
29:07 Wheelbarrow
28:18 Town Watch
30:29 Stone Mining
31:17 Ballistics
33:09 Fletching
33:30 Forging
34:19 Masonry
34:01 Guard Tower
34:15 Bodkin Arrow
34:21 Padded Archer Armor
34:22 Scale Mail Armor
36:45 Iron Casting
36:26 Leather Archer Armor
42:12 Imperial Age
40:02 Hand Cart
40:16 Heated Shot
41:28 Elite Skirmisher
42:30 Chain Mail Armor
42:15 Murder Holes
42:31 Fortified Wall
43:24 Conscription
43:40 Hoardings
42:40 Arbalester
46:15 Chemistry
45:47 Architecture
46:12 Double Crossbow
48:57 Bracer
49:58 Blast Furnace
49:29 Ring Archer Armor
51:10 Man-at-Arms
51:51 Heavy Scorpion
55:37 Long Swordsman
56:54 Town Patrol
57:06 Siege Engineers
pale.feola
11:20 Feudal Age
12:22 Loom
12:25 Town Watch
15:32 Castle Age
15:09 Loom
20:40 Town Patrol
21:33 Wheelbarrow
21:45 Double-Bit Axe
25:18 Hand Cart
27:33 Gold Mining
31:42 Gold Shaft Mining
31:36 Bow Saw
31:56 Forging
31:42 Stone Mining
35:58 Imperial Age
33:34 Husbandry
35:21 Iron Casting
36:41 Chivalry
36:05 Cavalier
37:21 Paladin
40:36 Blast Furnace
39:42 Scale Barding Armor
39:38 Scale Mail Armor
39:03 Man-at-Arms
39:29 Gambesons
39:30 Arson
39:46 Squires
39:07 Pikeman
43:58 Long Swordsman
45:03 Chain Barding Armor
44:59 Chain Mail Armor
45:53 Two-Handed Swordsman
47:26 Plate Barding Armor
47:22 Plate Mail Armor
47:33 Plate Barding Armor
47:47 Siege Engineers
47:57 Fortified Wall
47:53 Siege Engineers
51:07 Caravan
53:39 Champion
57:05 Conscription
57:21 Hoardings
LODOKO
9:02 Loom
12:36 Feudal Age
13:06 Double-Bit Axe
13:03 Horse Collar
13:09 Fishing Lines
14:50 Wheelbarrow
14:14 Gold Mining
20:41 Castle Age
23:00 Forging
22:51 Scale Mail Armor
23:35 Medium Warships
24:23 Iron Casting
23:15 Pikeman
23:56 Squires
23:42 Arson
24:35 Hand Cart
32:38 Imperial Age
30:48 Caravan
31:10 Stone Mining
33:06 Halberdier
34:05 Chain Mail Armor
36:10 Blast Furnace
37:15 Chemistry
37:54 Ballistics
41:47 Murder Holes
42:05 Clinker Construction
42:06 Careening
42:08 Siphons
42:34 Heavy Warships
43:42 Wootz Steel
46:44 Plate Mail Armor
52:25 Man-at-Arms
52:51 Gambesons
54:06 Elite Urumi Swordsman
54:56 Man-at-Arms
55:22 Gambesons
55:39 Long Swordsman
sayCrispy
11:54 Feudal Age
17:58 Castle Age
16:02 Double-Bit Axe
17:06 Horse Collar
20:21 Bloodlines
20:12 Husbandry
20:08 Fletching
23:36 Padded Archer Armor
27:47 Thumb Ring
28:36 Bow Saw
28:21 Gold Mining
28:20 Loom
31:39 Ballistics
36:02 Imperial Age
37:07 Conscription
38:35 Bodkin Arrow
38:56 Leather Archer Armor
41:54 Masonry
41:44 Murder Holes
42:20 Caravan
44:58 Elite Mangudai
57:57 Scale Barding Armor
Connection lost

Rejoining the realm…

Still unreachable

The connection could not be restored.

Session expired

The server has moved on; the page needs a fresh start.